Map: Acropolis LE

Players

BrusLy

  • Race: Terran Terran
  • League: Diamond
  • Spawn Location: 11:00

Mez - Winner!

  • Race: Protoss Protoss
  • League: Master
  • Spawn Location: 5:00

VOD

Have the link to the VOD?

Description

Time

  • Played on: Aug. 16, 2019, 3:09 p.m.
  • Length: 9:56
Show
View Real Time Build Order
Export as new Build Order

BrusLy Terran 

Build Orders:  

Get SALT Encoding   

  12  0:00  SCV  
  13  0:13  Supply Depot  
  13  0:17  SCV  
  14  0:29  SCV  
  15  0:37  Barracks  
  15  0:41  SCV  
  16  0:45  Refinery  
  16  0:54  SCV  
  17  1:06  SCV  
  17  1:08  Refinery  
  18  1:18  SCV, Supply Depot  
  19  1:28  Reaper  
  19  1:30  SCV  
  21  1:42  Orbital Command  
  21  1:49  Factory  
  21  2:00  Marine  
  22  2:10  SCV  
  23  2:19  Marine  
  23  2:22  SCV  
  25  2:34  SCV, Starport  
  25  2:35  Factory Tech Lab  
  26  2:37  Supply Depot  
  26  2:40  Marine  
  27  2:51  SCV  
  27  2:55  Siege Tank  
  31  2:58  Marine  
  31  3:02  Supply Depot  
  31  3:04  SCV  
  33  3:18  Marine  
  34  3:31  Siege Tank  
  34  3:33  Starport Reactor  
  37  3:35  Command Center  
  37  3:36  Marine  
  38  3:48  Barracks  
  38  3:55  Supply Depot  
  38  3:57  Marine  
  39  4:10  Medivac x2  
  43  4:19  Siege Tank  
  43  4:21  Marine  
  47  4:35  Barracks Reactor  
  47  4:47  Medivac  
  49  4:53  Barracks Reactor  
  49  5:12  Marine x2, Barracks  
  51  5:16  Siege Tank  
  54  5:28  SCV  
  55  5:31  Marine x2  
  55  5:32  Marine x2  
  55  5:35  Medivac  
  61  5:40  SCV  
  62  5:49  SCV  
  63  5:52  Siege Tank, SCV, Marine x2  
  63  5:53  Marine  
  70  6:00  Supply Depot  
  70  6:07  Marine  
  70  6:08  SCV  
  63  6:14  SCV  
  63  6:15  Barracks Tech Lab  
  63  6:16  Marine x2  
  63  6:17  Marine  
  67  6:20  SCV  
  67  6:22  Refinery  
  67  6:25  Marine  
  68  6:26  Barracks  
  68  6:29  SCV  
  68  6:32  SCV  
  71  6:34  Supply Depot  
  71  6:35  Siege Tank  
  71  6:36  Marine x2  
  76  6:40  Combat Shield  
  76  6:41  SCV  
  76  6:44  SCV  
  78  6:56  SCV x2  
  78  6:58  Supply Depot  
  80  7:01  Marauder  
  80  7:02  Marine x2  
  80  7:03  Marine x2  
  86  7:12  Supply Depot  
  86  7:19  SCV x2  
  88  7:24  Barracks Tech Lab  
  88  7:26  Marine  
  88  7:27  Marine, Marauder  
  88  7:29  Marine x2  
  94  7:33  SCV x2  
  94  7:34  Refinery  
  94  7:35  Supply Depot  
  94  7:36  Supply Depot  
  96  7:43  Marauder  
  97  7:44  Stimpack  
  97  7:45  SCV  
  97  7:47  Marine x2  
  100  8:01  SCV x2  
  100  8:03  Supply Depot  
  102  8:08  Concussive Shells  
  102  8:09  Marine  
  102  8:10  Marine, Marauder  
  102  8:11  Marine x2, Marauder  
  110  8:19  Orbital Command  
  110  8:33  Liberator  
  73  8:49  Siege Tank  
  73  8:50  Marauder  
  73  8:51  Marine x2, Marauder  
  73  8:52  Marine x2  
  87  9:10  Marine x4  
  87  9:11  Marauder  
  87  9:13  Marauder  
  95  9:21  Siege Tank  
  70  9:32  Marauder  
Show
View Real Time Build Order
Export as new Build Order

Mez Protoss - Winner!

Build Orders: 1 Gate Expand, Blink Stalkers 

Get SALT Encoding   

  12  0:00  Probe  
  13  0:13  Probe  
  14  0:18  Pylon  
  14  0:25  Probe  
  15  0:33  Probe  
  15  0:37  Gateway  
  15  0:41  Probe  
  16  0:47  Assimilator  
  17  0:51  Probe  
  18  1:05  Probe  
  19  1:17  Probe  
  20  1:28  Nexus  
  20  1:39  Cybernetics Core  
  20  1:41  Probe  
  20  1:46  Pylon  
  21  1:53  Probe  
  22  1:54  Assimilator  
  22  2:05  Probe  
  22  2:08  Stalker  
  23  2:18  Warp Gate  
  23  2:22  Probe  
  26  2:33  Twilight Council  
  26  2:38  Probe x2  
  26  2:43  Stalker  
  30  2:46  Probe  
  30  2:50  Probe  
  32  2:59  Probe  
  32  3:02  Probe  
  34  3:09  Robotics Facility  
  34  3:17  Probe  
  34  3:19  Probe  
  36  3:21  Pylon  
  36  3:28  Probe, Gateway  
  36  3:29  Gateway  
  36  3:32  Probe  
  38  3:38  Gateway  
  38  3:41  Blink  
  38  3:49  Pylon  
  38  3:59  Probe x2  
  40  4:03  Observer  
  40  4:07  Stalker  
  43  4:11  Shield Battery  
  43  4:20  Immortal  
  47  4:33  Stalker x2  
  47  4:37  Probe x2, Assimilator  
  53  4:40  Assimilator  
  53  4:41  Zealot  
  53  4:42  Zealot  
  57  4:49  Probe x2  
  59  4:53  Pylon  
  59  4:55  Pylon  
  59  5:01  Probe  
  60  5:14  Nexus  
  60  5:17  Probe x2, Pylon  
  62  5:25  Immortal  
  62  5:28  Stalker x3  
  64  5:29  Stalker  
  74  5:52  Stalker x3  
  74  5:54  Zealot  
  82  6:05  Charge  
  82  6:17  Zealot x2  
  86  6:21  Pylon  
  86  6:24  Pylon  
  86  6:25  Gateway x2  
  86  6:27  Gateway  
  86  6:28  Observer, Gateway  
  87  6:55  Stalker x4  
  95  7:07  Observer  
  96  7:09  Probe  
  96  7:11  Probe  
  96  7:12  Probe  
  99  7:17  Probe  
  99  7:21  Forge  
  99  7:22  Zealot x7  
  112  7:23  Zealot, Probe  
  117  7:31  Pylon  
  117  7:33  Pylon  
  117  7:36  Pylon  
  117  7:49  Probe  
  118  7:58  Zealot x5  
  124  7:59  Zealot x3  
  124  8:01  Probe x3  
  137  8:07  Pylon  
  137  8:11  Pylon  
  137  8:12  Pylon  
  137  8:13  Probe  
  133  8:40  Zealot x7, Immortal  
  133  8:41  Zealot  
  127  8:55  Probe x3  
  134  9:04  Pylon  
  134  9:07  Probe x2  
  120  9:41  Zealot x4  
  120  9:42  Zealot x4  
Tags
 
Add a new tag
Caveats
  • Supply blocks, unpowered buildings, or Contaminate may cause inaccurate times.
  • Supply counts are checked every 10 seconds.